 Dungeon Crawl Stone Soup version 0.30-a0-778-g2ef04afb54 (console) character file.

Game seed: 3982453413433443691

147 rlgrobin the Chopper (level 5, -8/45 HPs)
             Began as a Meteoran Fighter on Feb 17, 2023.
             Was an Initiate of Cheibriados.
             Mangled by an ice beast (11 damage)
             ... on level 5 of the Dungeon.
             The game lasted 00:02:10 (468 turns).

rlgrobin the Chopper (Meteoran Fighter)              Turns: 468, Time: 00:02:10

Health: -8/45      AC:  6    Str: 20    XL:     5   Next: 86%
Magic:  6/6        EV:  9    Int: 11    God:    Cheibriados [......]
Gold:   64         SH:  5    Dex: 14    Spells: 4/4 levels left

rFire   . . .      SeeInvis .    a - +0 war axe
rCold   . . .      Faith    .    c - +0 buckler
rNeg    . . .      Spirit   .    b - +0 scale mail
rPois   .          Reflect  .    (no helmet)
rElec   .          Harm     .    (no cloak)
rCorr   .          Rampage  .    (no gloves)
Will    .....                    (no boots) Stlth
                                 (no amulet)
HPRegen 0.27/turn                (no ring)
MPRegen 0.10/turn                (no ring)

@: glowing, very slow
A: sense surroundings 1, otherworldly, glowing, explore regen
a: Renounce Religion


You were on level 5 of the Dungeon.
You worshipped Cheibriados.
Cheibriados was noncommittal.
You visited 2 branches of the dungeon, and saw 6 of its levels.

You collected 64 gold pieces.

Inventory:

Hand Weapons
 a - a +0 war axe (weapon)
Armour
 b - a +0 scale mail (worn)
 c - a +0 buckler (worn)
Jewellery
 h - a ring of ice
 i - a ring of ice
Scrolls
 f - a scroll of noise {unknown}
 g - a scroll of fear {unknown}
 j - a scroll of poison {unknown}
 k - a scroll of identify {unknown}
Potions
 d - a potion of might
 e - a potion of heal wounds {unknown}


   Skills:
 - Level 3.2 Fighting
 + Level 6.4 Axes
 - Level 3.6 Armour
 - Level 3.6 Shields


You had 4 spell levels left.
You didn't know any spells.
Your spell library contained the following spells:

 Spells                   Type           Power      Damage    Failure   Level
 Dazzling Flash           Conj/Hex       0%         N/A       98%         3
 Iskenderun's Mystic Bla  Conj/Tloc      0%         2d3       100%        4
 Agony                    Necr           0%         N/A       100%        5
 Silence                  Hex/Air        0%         N/A       100%        5
 Starburst                Conj/Fire      0%         6d3       100%        6


Dungeon Overview and Level Annotations

Branches:
Dungeon (5/15) Zot: 3849   Temple (1/1) D:4 Zot: 877

Altars:
Cheibriados
Gozag
Kikubaaqudgha

Shops:
D:3 *


Innate Abilities, Weirdness & Mutations

You passively map a small area around you.
You are easily found by Zot.
You glow in the dark.
You regain HP and MP as you explore.


Message History

The ice beast is moderately wounded.
The ice beast hits you. The ice beast freezes you!
The ice beast closely misses you.
You are too injured to fight recklessly!
You are too injured to fight recklessly!
You are too injured to fight recklessly!
You are too injured to fight recklessly!
You closely miss the ice beast.
The ice beast is moderately wounded.
The ice beast barely misses you.
You hit the ice beast.
The ice beast is moderately wounded.
The ice beast barely misses you.
You hit the ice beast but do no damage.
The ice beast is moderately wounded.
The ice beast barely misses you.
You hit the ice beast but do no damage.
The ice beast is moderately wounded.
The ice beast hits you. The ice beast freezes you.
* * * LOW HITPOINT WARNING * * *
You slash the ice beast!
The ice beast is severely wounded.
The ice beast hits you.
* * * LOW HITPOINT WARNING * * *
The ice beast freezes you.
* * * LOW HITPOINT WARNING * * *
You block the ice beast's attack.
You hit the ice beast.
The ice beast is severely wounded.
The ice beast hits you but does no damage.
You completely miss the ice beast.
The ice beast is severely wounded.
The ice beast barely misses you.
Okay, then.
You barely miss the ice beast.
The ice beast is severely wounded.
The ice beast hits you.
* * * LOW HITPOINT WARNING * * *
The ice beast freezes you!
You die...

, ..... >.... .. *
##...#....##.#.# ...
,*
#.........##.#.##.##
, ,
......<....../......
#.....>.............
...................
...........Y......
#.##.#....##@# *
......?...##.#####. *
,#........)).........
*
####.#.......#######
,*#................ ,
* ,*
#.#.............. * ,
...##..#.#.#####.#
,..........#.# * ,
###.##.##.#.# *


You could see an ice beast.

Vanquished Creatures
  A phantom (D:4)
  3 gnolls (D:5)
  An adder (D:2)
  A shadow imp (D:4)
  A dart slug (D:4)
  A ball python (D:3)
  A bat (D:3)
  4 endoplasms
  A goblin (D:4)
  2 hobgoblins
  5 jackals
  3 kobolds
  A rat (D:3)
25 creatures vanquished.

Notes
Turn   | Place    | Note
-------+----------+-------------------------------------------
     0 | D:1      | rlgrobin the Meteoran Fighter began the quest for the Orb.
     0 | D:1      | Reached XP level 1. HP: 19/19 MP: 2/2
     5 | D:1      | You fall into a shaft and drop 1 floor!
    54 | D:2      | Reached skill level 3 in Axes
    54 | D:2      | Reached XP level 2. HP: 26/26 MP: 3/3
    75 | D:3      | Reached XP level 3. HP: 31/31 MP: 4/4
    81 | D:3      | Reached skill level 4 in Axes
   114 | D:3      | Found an opulent altar of Gozag.
   115 | D:3      | Found Gozag's Platinum Reserve.
   221 | D:4      | Found a staircase to the Ecumenical Temple.
   242 | Temple   | Entered the Ecumenical Temple
   250 | Temple   | Became a worshipper of Cheibriados the Contemplative
   312 | D:4      | Noticed a phantom
   336 | D:4      | Killed a phantom
   337 | D:4      | Reached skill level 5 in Axes
   337 | D:4      | Reached XP level 4. HP: 17/38 MP: 5/5
   337 | D:4      | Reached XP level 5. HP: 20/45 MP: 6/6
   367 | D:4      | Reached skill level 6 in Axes
   429 | D:5      | Entered Level 5 of the Dungeon
   453 | D:5      | Noticed an ice beast
   468 | D:5      | Mangled by an ice beast

Illustrated notes

Levels and vault maps discovered:
D:1:      sevenhm_arrival_forest_fort_large_2, layout_basic,
          ebering_ecumenical_altar_box
D:2:      layout_loops_ring, hangedman_decor_clover_reticule
D:3:      layout_rooms, mainiacjoe_overflow_two_lobes,
          nicolae_gozag_zags_fifth_avenue, amethyst_killhole
D:4:      layout_basic, lemuel_doored_altar, minmay_temple_entry_grid,
          minmay_misc_feat_plants
D:5:      layout_basic, gammafunk_ghost_grave
Temple:   dpeg_chambers_temple

Skill      XL: |  1  2  3  4  5 |
---------------+----------------+-----
Axes           | 3 5 6 |  6.4
Fighting       | |  3.2
Armour         | |  3.6
Shields        | |  3.6

Action                     |  1- 3 |  4- 6 || total
---------------------------+-------+-------++-------
  Melee: War axe           |    64 |    23 ||    87
 Armour: Scale mail        |    35 |     4 ||    39
  Dodge: Dodged            |    21 |     6 ||    27
  Block: Buckler           |    15 |     6 ||    21

Table legend: (Time is in decaauts)
 A = Elapsed time spent in this place.
 B = Non-inter-level travel time spent in this place.
 C = Inter-level travel time spent in this place.
 D = Time resting spent in this place.
 E = Time spent auto-exploring this place.
 F = Levels seen in this place.
 G = Mean time per level.
                   A        B        C        D        E       F      G
               +--------+--------+--------+--------+--------+-----+--------+
         Total |    540 |    524 |     16 |      0 |      0 |   6 |   90.0 |
       Dungeon |    522 |    506 |     16 |      0 |      0 |   5 |  104.4 |
        Temple |     18 |     18 |      0 |      0 |      0 |   1 |   18.0 |
               +--------+--------+--------+--------+--------+-----+--------+

Top non-repeatable levels by time:
     D:4: 318 daAuts
     D:3: 84 daAuts
     D:2: 67 daAuts
     D:5: 47 daAuts
  Temple: 18 daAuts
     D:1: 5 daAuts
